Map: World of Sleepers LE

Players

Astrea

  • Race: Protoss Protoss
  • League: Grandmaster
  • Spawn Location: 1:00

JinairRogue (Rogue) - Winner!

  • Race: Zerg Zerg
  • Spawn Location: 7:00

VOD

Have the link to the VOD?

Description

Time

  • Played on: Jan. 16, 2020, 4:58 a.m.
  • Length: 21:30
Show
View Real Time Build Order
Export as new Build Order

Astrea Protoss 

Build Orders: 1 Gate Expand, Oracle Opening, Phoenix Opening, Zealot Archon 

Get SALT Encoding   

  12  0:00  Probe  
  13  0:12  Probe  
  14  0:18  Pylon  
  14  0:24  Probe  
  15  0:30  Assimilator  
  15  0:37  Probe (Chrono Boost)  
  16  0:45  Gateway  
  16  0:48  Probe (Chrono Boost)  
  17  0:53  Probe (Chrono Boost)  
  18  1:03  Probe  
  19  1:16  Probe  
  20  1:23  Nexus  
  20  1:33  Cybernetics Core  
  20  1:36  Probe  
  21  1:41  Assimilator  
  21  1:48  Probe  
  21  1:50  Pylon  
  22  2:00  Probe  
  23  2:10  Stargate  
  23  2:11  Adept (Chrono Boost)  
  23  2:12  Probe  
  26  2:20  Warp Gate  
  26  2:24  Probe (Chrono Boost)  
  27  2:34  Stalker  
  27  2:35  Probe (Chrono Boost)  
  27  2:36  Probe (Chrono Boost)  
  32  2:44  Probe (Chrono Boost)  
  32  2:45  Probe (Chrono Boost)  
  32  2:49  Probe (Chrono Boost)  
  32  2:50  Probe  
  34  2:55  Oracle (Chrono Boost)  
  38  3:01  Probe  
  38  3:02  Probe  
  40  3:13  Probe, Pylon  
  40  3:15  Probe  
  42  3:20  Gateway  
  42  3:25  Probe  
  42  3:26  Phoenix  
  42  3:27  Probe  
  46  3:37  Probe, Assimilator  
  46  3:39  Probe  
  46  3:40  Assimilator  
  48  3:46  Robotics Facility  
  48  3:49  Probe  
  48  3:51  Probe  
  50  3:57  Pylon  
  50  4:01  Probe  
  51  4:03  Probe  
  52  4:11  Adept  
  52  4:15  Probe x2  
  56  4:24  Nexus  
  56  4:25  Pylon  
  56  4:27  Probe  
  56  4:29  Probe  
  56  4:30  Pylon  
  58  4:34  Observer (Chrono Boost)  
  59  4:39  Probe  
  59  4:41  Probe  
  59  4:44  Sentry x2  
  59  4:45  Shield Battery  
  65  4:50  Forge  
  65  4:51  Twilight Council  
  66  4:52  Probe (Chrono Boost)  
  66  4:56  Immortal  
  66  4:58  Probe (Chrono Boost)  
  71  5:04  Probe (Chrono Boost)  
  73  5:07  Probe (Chrono Boost)  
  73  5:10  Probe (Chrono Boost)  
  73  5:12  Probe (Chrono Boost), Pylon  
  74  5:17  Protoss Ground Weapons Level 1 (Chrono Boost)  
  74  5:19  Probe  
  76  5:21  Sentry  
  76  5:24  Charge  
  78  5:28  Gateway  
  78  5:29  Gateway  
  78  5:30  Probe  
  78  5:31  Probe, Gateway  
  80  5:36  Probe  
  81  5:43  Immortal  
  81  5:44  Probe  
  81  5:46  Probe  
  87  5:59  Probe  
  87  6:02  Gateway  
  87  6:03  Gateway  
  88  6:04  Gateway  
  88  6:06  Templar Archives  
  88  6:11  Probe x3, Assimilator  
  90  6:16  Assimilator  
  90  6:20  Pylon  
  90  6:21  Warp Prism (Chrono Boost)  
  92  6:26  Zealot x4  
  92  6:30  Probe  
  101  6:33  Pylon  
  101  6:40  Zealot  
  101  6:44  Pylon  
  101  6:46  Pylon  
  103  6:49  Stalker  
  103  6:50  Stalker x2  
  103  6:51  Observer (Chrono Boost)  
  110  6:56  Photon Cannon  
  110  6:57  Photon Cannon  
  110  6:58  Pylon  
  110  7:00  Photon Cannon  
  110  7:01  Protoss Ground Weapons Level 2 (Chrono Boost)  
  110  7:12  Immortal (Chrono Boost)  
  110  7:15  High Templar x4  
  118  7:16  High Templar  
  118  7:17  High Templar  
  118  7:22  Archon x2, Pylon  
  126  7:23  Pylon, Archon  
  126  7:32  Robotics Bay, Zealot x2  
  130  7:41  Pylon  
  130  7:45  Nexus  
  129  7:55  Zealot  
  131  7:59  Probe x2  
  131  8:00  Probe  
  134  8:06  Robotics Facility  
  134  8:11  Probe, Photon Cannon  
  134  8:12  Probe x2, Photon Cannon  
  137  8:18  Disruptor  
  136  8:22  High Templar  
  136  8:23  High Templar x3, Zealot x4  
  136  8:27  Archon x2, Photon Cannon  
  152  8:28  Shield Battery  
  152  8:31  Photon Cannon  
  152  8:33  Assimilator  
  152  8:34  Probe x3  
  155  8:44  Zealot  
  157  8:56  Probe x3  
  157  8:57  Disruptor (Chrono Boost)  
  157  8:58  Disruptor (Chrono Boost)  
  166  9:07  Pylon  
  166  9:08  Probe x2  
  166  9:09  Pylon  
  168  9:10  Pylon  
  168  9:18  High Templar x2  
  168  9:22  Archon  
  172  9:25  Disruptor (Chrono Boost)  
  172  9:30  Zealot  
  177  9:36  Gateway  
  177  9:37  Zealot x3  
  177  9:38  Zealot x2  
  187  9:39  Gateway  
  187  9:40  Gateway, Disruptor (Chrono Boost)  
  190  9:57  Nexus  
  190  9:59  Blink (Chrono Boost)  
  171  10:18  Probe  
  171  10:19  Zealot x4  
  171  10:20  Zealot x4  
  173  10:34  Observer (Chrono Boost)  
  151  10:45  Zealot x8  
  164  10:51  Disruptor  
  164  10:52  Disruptor  
  164  10:53  Probe x4  
  174  11:02  Pylon  
  174  11:05  Probe x2  
  174  11:12  High Templar x6  
  174  11:13  High Templar x2  
  174  11:16  Archon  
  174  11:17  Archon x2  
  188  11:27  Disruptor  
  188  11:29  Disruptor  
  190  11:38  Probe x5, Forge  
  190  11:39  Forge  
  195  11:40  Pylon  
  195  11:42  Pylon  
  195  12:02  Disruptor  
  195  12:14  Photon Cannon  
  195  12:15  Photon Cannon  
  195  12:16  Photon Cannon x2  
  195  12:18  Shield Battery  
  195  12:19  Photon Cannon  
  185  12:31  Protoss Ground Weapons Level 3 (Chrono Boost), Protoss Ground Armor Level 1 (Chrono Boost)  
  141  12:38  Disruptor x2 (Chrono Boost)  
  141  12:39  Zealot x9  
  148  12:55  Assimilator  
  148  12:56  Gateway, Assimilator  
  148  12:58  Gateway  
  148  13:02  Gateway x2  
  148  13:03  High Templar x5  
  148  13:04  High Templar, Zealot  
  148  13:05  Zealot x2  
  166  13:16  Pylon, Archon, Warp Prism (Chrono Boost)  
  166  13:17  Archon x2, Gateway  
  166  13:19  Gateway  
  170  13:20  Nexus  
  170  13:21  Gateway  
  170  13:26  Oracle, Warp Prism (Chrono Boost)  
  173  13:27  Zealot x3  
  173  13:33  Pylon  
  173  13:34  Pylon  
  179  13:35  Zealot x2  
  179  13:36  Zealot x3  
  189  13:52  Zealot x5  
  189  14:03  Oracle  
  192  14:10  Zealot x4  
  192  14:14  Photon Cannon  
  192  14:15  Photon Cannon  
  192  14:16  Photon Cannon  
  174  14:19  Photon Cannon  
  174  14:20  Photon Cannon  
  174  14:21  Photon Cannon  
  166  14:26  Shield Battery  
  166  14:30  Zealot x9  
  166  14:31  Shield Battery  
  169  14:35  High Templar x3, Assimilator  
  169  14:36  High Templar x5  
  169  14:37  High Templar x2, Zealot x3  
  183  14:39  Probe x6, Assimilator  
  183  14:40  Archon x4, Oracle  
  183  14:41  Archon  
  192  14:50  Warp Prism (Chrono Boost), Observer (Chrono Boost)  
  191  15:03  Observer (Chrono Boost)  
  184  15:19  Observer  
  167  15:22  Zealot x2  
  167  15:23  Zealot x14  
  167  15:27  Observer  
  197  15:28  Protoss Shields Level 1 (Chrono Boost), Protoss Ground Armor Level 2 (Chrono Boost)  
  197  15:41  Observer  
  198  15:53  Nexus  
  198  15:55  Pylon  
  198  15:59  Pylon  
  198  16:25  Dark Shrine  
  175  16:47  Psionic Storm  
  175  16:52  Zealot x2  
  172  16:54  Zealot x4  
  172  17:01  Oracle  
  182  17:19  Zealot x4  
  182  17:20  Stalker x3  
  192  17:49  Protoss Shields Level 2 (Chrono Boost)  
  192  17:52  Fleet Beacon  
  192  17:57  Stargate  
  190  17:59  Stargate  
  190  18:00  Protoss Air Weapons Level 1 (Chrono Boost)  
  190  18:02  Nexus  
  179  18:07  High Templar x3  
  179  18:08  High Templar  
  181  18:22  Zealot x4  
  181  18:23  Zealot x5  
  199  18:31  Archon  
  193  18:34  Stargate  
  173  19:08  Probe  
  132  19:11  Probe  
  132  19:13  Zealot x4  
  132  19:14  Zealot x12  
  132  19:15  Carrier x2 (Chrono Boost)  
  132  19:16  Disruptor x2  
  136  19:38  Pylon  
  132  19:40  Assimilator, Zealot x8  
  132  19:41  Zealot x8  
  132  19:44  Assimilator  
  163  19:52  Warp Prism  
  147  20:12  Zealot x14  
  160  20:20  Fleet Beacon  
  157  20:25  Cybernetics Core  
  155  20:33  Disruptor (Chrono Boost)  
  155  20:34  High Templar x4  
  155  20:35  Zealot x7  
  176  20:37  Zealot x2  
  144  21:12  Pylon  
  144  21:14  Pylon  
Show
View Real Time Build Order
Export as new Build Order

JinairRogue Zerg - Winner!

Build Orders: Hatch First, Lurkers 

Get SALT Encoding   

  12  0:00  Drone  
  13  0:12  Overlord  
  13  0:16  Drone  
  14  0:30  Drone x2  
  16  0:48  Hatchery  
  15  0:51  Drone  
  15  0:54  Drone  
  17  0:57  Drone  
  18  1:08  Extractor  
  17  1:13  Spawning Pool  
  17  1:15  Drone  
  18  1:18  Drone  
  18  1:27  Drone  
  19  1:39  Drone  
  20  1:49  Overlord  
  20  2:00  Queen x2  
  20  2:01  Zergling x4  
  26  2:11  Drone x2  
  28  2:21  Drone  
  28  2:22  Drone  
  30  2:34  Hatchery, Drone x2  
  31  2:41  Pneumatized Carapace  
  31  2:44  Queen  
  31  2:49  Overlord  
  33  2:53  Drone  
  33  2:55  Drone x2  
  36  3:12  Drone x5  
  41  3:15  Overlord  
  42  3:20  Drone, Queen  
  44  3:35  Drone  
  44  3:36  Drone  
  44  3:40  Metabolic Boost  
  46  3:42  Spore Crawler  
  46  3:46  Queen, Overlord  
  47  3:49  Drone x6  
  47  3:54  Spore Crawler  
  52  3:57  Drone x2  
  52  3:58  Drone  
  52  3:59  Drone  
  56  4:05  Drone, Overlord  
  57  4:11  Spore Crawler  
  57  4:12  Drone x2  
  58  4:19  Roach Warren, Overlord  
  57  4:26  Drone x5  
  57  4:30  Zergling x4  
  64  4:35  Zergling x6  
  64  4:37  Drone  
  68  4:39  Lair  
  68  4:43  Overlord  
  68  4:45  Drone  
  69  4:46  Extractor  
  69  4:48  Drone x3  
  69  4:52  Extractor, Drone x2  
  72  4:53  Extractor  
  72  4:55  Drone x4  
  75  5:02  Overlord  
  75  5:04  Drone x4  
  75  5:06  Drone  
  80  5:11  Drone  
  80  5:13  Extractor  
  80  5:14  Extractor  
  80  5:16  Overlord  
  80  5:20  Drone  
  80  5:23  Drone x3, Evolution Chamber  
  80  5:25  Hatchery, Overlord  
  81  5:31  Drone x2  
  83  5:38  Drone x3  
  83  5:39  Glial Reconstitution  
  83  5:41  Overseer  
  86  5:43  Hydralisk Den, Overseer, Drone x2  
  86  5:45  Overlord  
  86  5:49  Roach  
  94  5:50  Roach x3  
  94  5:56  Zerg Missile Weapons Level 1  
  94  5:57  Overlord  
  94  6:06  Overlord  
  94  6:17  Grooved Spines, Hydralisk x4  
  102  6:20  Lurker Den  
  102  6:24  Drone x5  
  106  6:28  Hydralisk x4  
  106  6:32  Overlord  
  114  6:34  Overlord  
  114  6:36  Extractor  
  114  6:39  Hydralisk  
  113  6:40  Hydralisk  
  113  6:46  Drone x2  
  113  6:47  Drone x3  
  121  6:48  Infestation Pit  
  121  6:49  Overlord  
  121  6:52  Hydralisk x4  
  129  6:57  Zergling x4  
  129  6:58  Zergling x4  
  129  7:00  Drone  
  129  7:01  Drone  
  134  7:04  Spore Crawler x2  
  130  7:13  Hydralisk x3  
  130  7:14  Hydralisk  
  137  7:17  Drone x2  
  137  7:18  Drone x2  
  137  7:20  Lurker x3  
  137  7:22  Spore Crawler x2  
  141  7:23  Spore Crawler  
  141  7:25  Zergling x2  
  141  7:26  Zergling x10  
  141  7:28  Overlord  
  146  7:31  Lurker  
  147  7:38  Lurker x2  
  147  7:39  Zergling x8  
  147  7:40  Zergling x6  
  147  7:41  Overlord  
  156  7:46  Hive, Overlord  
  156  7:50  Overlord  
  156  7:52  Lurker  
  156  7:56  Lurker  
  158  8:00  Drone x2  
  158  8:03  Spine Crawler x2, Hatchery  
  158  8:04  Drone x2  
  158  8:05  Drone x2  
  161  8:07  Lurker x2  
  161  8:11  Drone x3  
  161  8:12  Drone  
  166  8:14  Zerg Missile Weapons Level 2  
  165  8:23  Lurker  
  166  8:28  Drone x5  
  166  8:29  Drone  
  172  8:37  Lurker x3  
  172  8:38  Zergling x2  
  172  8:39  Zergling x16  
  172  8:40  Overlord x2  
  172  8:41  Extractor  
  183  8:42  Extractor  
  183  8:43  Overlord  
  182  8:51  Overlord  
  178  9:00  Hydralisk x9  
  178  9:01  Zergling x2  
  188  9:07  Spore Crawler  
  187  9:10  Adaptive Talons  
  187  9:12  Drone  
  187  9:13  Drone  
  187  9:15  Hatchery  
  187  9:16  Spore Crawler  
  187  9:20  Lurker x2  
  187  9:30  Spine Crawler, Hydralisk x5  
  196  9:32  Spore Crawler, Overseer  
  196  9:37  Drone x2  
  196  9:38  Spine Crawler  
  196  9:39  Spine Crawler x2  
  196  9:44  Muscular Augments  
  194  9:48  Zergling x12  
  196  10:05  Hydralisk  
  196  10:06  Hydralisk x3  
  198  10:11  Hydralisk  
  198  10:12  Hydralisk x3  
  194  10:17  Zergling x2  
  194  10:19  Hydralisk x4  
  194  10:20  Hydralisk x5  
  183  10:26  Lurker  
  183  10:27  Zergling x6  
  183  10:28  Zergling x14  
  191  10:33  Zergling x2  
  191  10:34  Zergling x12  
  195  10:39  Lurker Den  
  195  10:41  Zergling x4  
  195  10:42  Zergling x6  
  183  10:43  Overlord  
  181  10:53  Hydralisk x3  
  181  10:55  Zergling x4  
  183  11:11  Overseer  
  180  11:24  Hatchery  
  171  11:36  Lurker  
  171  11:37  Lurker x9  
  171  11:39  Zergling x26  
  194  11:42  Zergling x4  
  196  11:47  Drone x2  
  195  11:55  Lurker x2  
  195  11:56  Lurker  
  195  12:05  Hydralisk x4  
  195  12:06  Zergling x2  
  195  12:07  Zergling x8  
  196  12:10  Zergling x2  
  196  12:11  Zergling x2  
  198  12:20  Zergling x2  
  194  12:25  Seismic Spines  
  194  12:26  Hydralisk  
  194  12:27  Zergling x2  
  194  12:28  Zergling x4  
  175  12:30  Hydralisk  
  175  12:31  Hydralisk x2  
  175  12:33  Zergling x4  
  175  12:35  Hydralisk  
  159  12:37  Hydralisk  
  159  12:40  Hydralisk x2  
  159  12:41  Zergling x2  
  159  12:42  Zergling x2  
  159  12:44  Drone x4  
  166  12:50  Hydralisk x2  
  172  12:55  Drone  
  172  12:56  Hydralisk  
  172  12:57  Hydralisk x4  
  183  13:03  Drone x2  
  185  13:08  Drone  
  185  13:09  Drone  
  185  13:12  Lurker x3  
  190  13:13  Lurker  
  190  13:19  Drone x3  
  194  13:23  Hatchery  
  194  13:24  Spore Crawler  
  194  13:25  Spore Crawler  
  194  13:26  Spore Crawler, Lurker x3  
  193  13:28  Drone x3  
  193  13:29  Drone x2  
  193  13:33  Lurker  
  193  13:34  Lurker  
  200  13:54  Overlord  
  200  13:55  Overlord  
  200  13:57  Overlord  
  199  14:03  Overlord  
  199  14:06  Burrow, Zerg Missile Weapons Level 3  
  185  14:10  Drone x6  
  185  14:11  Drone x5  
  185  14:12  Drone x2  
  185  14:13  Drone x2  
  193  14:18  Drone x2  
  193  14:29  Hatchery  
  189  14:33  Spore Crawler, Hydralisk x5  
  198  14:52  Spire  
  197  14:57  Drone x2  
  199  15:08  Spore Crawler  
  199  15:09  Spore Crawler  
  199  15:10  Spine Crawler, Hydralisk x4  
  199  15:11  Spore Crawler, Spine Crawler x2  
  199  15:13  Spine Crawler  
  174  15:15  Hydralisk x8  
  174  15:16  Drone  
  174  15:17  Drone  
  174  15:19  Drone x3  
  193  15:22  Drone x3  
  193  15:27  Spore Crawler  
  195  15:29  Spore Crawler  
  195  15:34  Lurker x2  
  196  15:35  Overlord  
  196  15:44  Overlord  
  196  15:48  Lurker x3  
  196  15:49  Lurker  
  194  15:59  Viper x2  
  194  16:02  Overseer  
  194  16:03  Evolution Chamber  
  199  16:04  Evolution Chamber  
  199  16:06  Evolution Chamber  
  199  16:08  Viper  
  200  16:14  Greater Spire  
  200  16:27  Overseer x2  
  200  16:39  Hydralisk  
  192  16:40  Hydralisk x3  
  192  16:43  Zerg Ground Armor Level 1  
  200  16:58  Spore Crawler  
  196  17:07  Lurker  
  196  17:08  Lurker x3  
  200  17:26  Spore Crawler x2  
  198  17:35  Lurker x5  
  200  17:39  Overlord  
  200  17:45  Overlord  
  200  17:57  Overlord  
  200  17:58  Overlord  
  198  18:08  Overlord  
  198  18:10  Overlord  
  195  18:18  Hydralisk x2  
  195  18:48  Hydralisk  
  190  18:58  Hatchery  
  190  19:00  Hydralisk x5  
  181  19:12  Hydralisk x11  
  200  19:30  Overseer  
  200  19:31  Overseer  
  200  19:43  Hatchery  
  195  19:50  Hydralisk x3  
  185  20:03  Hydralisk x14  
  185  20:05  Hydralisk  
  198  20:09  Hydralisk  
  198  20:10  Hydralisk  
  197  20:23  Hydralisk x2  
  197  20:32  Hydralisk  
  197  20:33  Hydralisk  
  200  20:39  Hatchery  
  200  20:41  Hydralisk x2  
  200  20:42  Hydralisk  
  184  20:56  Hydralisk x3  
  188  21:04  Hydralisk x4  
  188  21:05  Hydralisk x2  
  194  21:16  Spine Crawler  
  194  21:17  Spine Crawler x2  
Tags
 
Add a new tag
Caveats
  • Supply blocks, unpowered buildings, or Contaminate may cause inaccurate times.
  • Supply counts are checked every 10 seconds.